 Dungeon Crawl Stone Soup version 0.21.1-1-g345015f (webtiles) character file.

116 Mirai the Skirmisher (level 4, -3/37 HPs)
             Began as a Demonspawn Fighter on Apr 6, 2018.
             Slain by a gnoll
             ... wielding a +0 halberd
              (9 damage)
             ... on level 2 of the Dungeon.
             The game lasted 00:03:00 (1568 turns).

Mirai the Skirmisher (Demonspawn Fighter)           Turns: 1568, Time: 00:03:01

Health: -3/37      AC:  7    Str: 23    XL:     4   Next: 69%
Magic:  4/4        EV:  8    Int:  9    God:
Gold:   133        SH:  9    Dex: 12    Spells: 3/3 levels left

rFire    . . .     SeeInvis .   a - +0 war axe
rCold    . . .     Gourm    .   c - +0 shield
rNeg     . . .     Faith    .   o - +2 ring mail {rPois}
rPois    +         Spirit   .   (helmet restricted)
rElec    .         Reflect  .   (no cloak)
rCorr    .         Harm     .   (no gloves)
MR       .....                  (no boots)
Stlth    +.........             n - amulet of rage
HPRegen  0.12/turn              (no ring)
MPRegen  0.09/turn              (no ring)

@: mighty
A: antennae 2
a: Evoke Berserk Rage


You were on level 2 of the Dungeon.
You were not hungry.

You visited 1 branch of the dungeon, and saw 2 of its levels.

You collected 133 gold pieces.

Inventory:

Hand Weapons
 a - a +0 war axe (weapon)
Armour
 c - a +0 shield (worn)
 o - a +2 ring mail of poison resistance (worn)
Jewellery
 n - an amulet of rage (around neck)
Scrolls
 e - a scroll of identify {unknown}
 h - a scroll of teleportation {unknown}
 i - 3 scrolls of remove curse {unknown}
 j - a scroll of enchant armour {unknown}
 p - a scroll of blinking {unknown}
Potions
 b - a potion of berserk rage {unknown}
 k - a potion of flight {unknown}
 l - a potion of heal wounds {unknown}
 m - a potion of ambrosia {unknown}
Comestibles
 f - 4 rations
 g - 3 chunks of flesh


   Skills:
 + Level 3.7 Fighting
 + Level 2.7 Axes
 + Level 3.3 Armour
 + Level 3.4 Shields


You had 3 spell levels left.
You didn't know any spells.

Dungeon Overview and Level Annotations

Branches:
Dungeon (2/15)

Altars:


Innate Abilities, Weirdness & Mutations

You have a pair of antennae on your head.


Message History

The gnoll barely misses you.
You slice the gnoll!!
You kill the gnoll!
You hit the gnoll. The gnoll closely misses you. You block the gnoll's attack.
The gnoll barely misses you.
The gnoll hits you from afar with a halberd.
* * * LOW HITPOINT WARNING * * *
Unknown command.
You slash the gnoll!
The gnoll is almost dead.
You hit the gnoll.
You kill the gnoll!
You block the gnoll's attack. x2
Unknown command.
You slash the gnoll!
You kill the gnoll!
You block the gnoll's attack.
Unknown command.
The gnoll hits you with a halberd!
You die...

#..# #.......# .##..# .#.
#.##.##.. .#...## #.# #.##.....
..>...# #.# #)####### ..†..## #.#
#..# .##.######.. #.# ##.#
...........# ###.##### #.#
###.######.. #..g....# #.# ##'##
#.#@# #.# #.# ##...## ##.#[# #.#
#.# #.....## #..).# #.#####.#####
.......## ##....# #.#.........##
........####....####.#.###...#.##
.<......+..............>........'
.......[###..........#.###.....##
.......## #.#..###.###.###..#..##
#.....## #.##. #.# #.........#


You could see a gnoll.

Vanquished Creatures
  2 adders (D:2)
  3 gnolls (D:2)
  5 dart slugs
  2 worms (D:2)
  5 leopard geckos
  An orc (D:2)
  4 bats
  5 giant cockroaches
  2 hobgoblins
  4 kobolds (D:2)
  2 ball pythons
  A frilled lizard (D:1)
  7 goblins
  10 rats
53 creatures vanquished.

Notes
Turn   | Place    | Note
-------+----------+-------------------------------------------
     0 | D:1      | Mirai the Demonspawn Fighter began the quest for the Orb.
     0 | D:1      | Reached XP level 1. HP: 18/18 MP: 1/1
    86 | D:1      | Gained mutation: You have a pair of small antennae on your head. [demonic ancestry]
    86 | D:1      | Reached XP level 2. HP: 24/24 MP: 2/2
   340 | D:1      | Gained mutation: You have a pair of antennae on your head. [demonic ancestry]
   340 | D:1      | Reached XP level 3. HP: 18/29 MP: 3/3
   981 | D:2      | Reached XP level 4. HP: 17/35 MP: 4/4
  1568 | D:2      | Slain by a gnoll

Skill      XL: |  1  2 |
---------------+-------+-----
Axes           | 2 |  2.7
Armour         | 3 |  3.3
Shields        | 3 |  3.4
Fighting       | |  3.7

Action                   |  1- 3 |  4- 6 || total
-------------------------+-------+-------++-------
Melee: War axe           |   140 |    36 ||   176
  Use: Potion            |       |     1 ||     1
  Eat: Chunk             |     1 |     2 ||     3
Armor: Scale mail        |    52 |     8 ||    60
       Ring mail         |       |     7 ||     7
Dodge: Dodged            |    40 |    21 ||    61
Block: Shield            |    70 |    21 ||    91
